 Dungeon Crawl Stone Soup version 0.31.0-12-g77e489cdc1 (webtiles) character file.

Game seed: 6604825716095405755

4991 sking99 the Cleaver (level 10, -7/130 (136) HPs)
             Began as a Hill Orc Fighter on Feb 29, 2024.
             Was a Priest of Ru.
             Incinerated by a deep elf pyromancer (10 damage)
             ... with a pyre arrow
             ... on level 8 of the Dungeon.
             The game lasted 00:11:54 (7704 turns).

sking99 the Cleaver (Hill Orc Fighter)              Turns: 7704, Time: 00:11:55

HP:   -7/130 (136)  AC: 15    Str: 24    XL:     10   Next: 54%
MP:   10/10         EV: 13    Int:  8    God:    Ru [***...]
Gold: 381           SH:  5    Dex: 10    Spells: 9/9 levels left

rFire   x . .        a - +0 war axe (heavy)
rCold   x . .        c - +0 buckler
rNeg    . . .        v - +0 chain mail
rPois   +            (no helmet)
rElec   .            h - +0 cloak
rCorr   .            s - +0 pair of gloves
SInv    .            u - +0 pair of boots
Will    .....        (no amulet) Stlth
                     r - +5 ring of evasion
HPRegen 0.41/turn    p - ring of poison resistance
MPRegen 0.12/turn

%: no passive effects
@: berserking, exhausted, on fire, glowing, lightly drained, very quick
A: no stealth, temperature sensitive
a: Renounce Religion, Draw Out Power


You were on level 8 of the Dungeon.
You worshipped Ru.
Ru was most pleased with you.
You visited 1 branch of the dungeon, and saw 8 of its levels.

You collected 381 gold pieces.

Inventory:

Hand Weapons
 a - a +0 heavy war axe (weapon)
Missiles
 z - a throwing net (quivered)
Armour
 c - a +0 buckler (worn)
 h - a +0 cloak (worn)
 s - a +0 pair of gloves (worn)
 u - a +0 pair of boots (worn)
 v - a +0 chain mail (worn)
Jewellery
 f - a ring of protection from fire
 g - a ring of resist corrosion
 p - a ring of poison resistance (right hand)
 r - a +5 ring of evasion (left hand)
 x - a +6 ring of dexterity
 y - a +6 ring of intelligence
 C - a ring of flight
Scrolls
 b - a scroll of revelation
 e - a scroll of enchant armour {unknown}
 i - 5 scrolls of teleportation
 j - 2 scrolls of identify
 A - 2 scrolls of amnesia
 B - 2 scrolls of poison
 D - a scroll of brand weapon
Potions
 d - 3 potions of might
 k - 3 potions of curing
 l - a potion of ambrosia {unknown}
 m - 2 potions of brilliance {unknown}
 n - 3 potions of enlightenment
 o - 2 potions of lignification
 t - a potion of magic
 w - a potion of invisibility {unknown}


   Skills:
 + Level 9.0 Fighting
 * Level 12.8 Axes
 + Level 8.2 Armour
 + Level 8.2 Shields


You had 9 spell levels left.
You didn't know any spells.
Your spell library contained the following spells:

 Spells                   Type           Power      Damage    Failure   Level
 Apportation              Tloc           0%         N/A       93%         1
 Freeze                   Ice            0%         1d3       93%         1
 Slow                     Hex            0%         N/A       93%         1
 Blink                    Tloc           0%         N/A       98%         2
 Jinxbite                 Hex            0%         N/A       98%         2
 Lesser Beckoning         Tloc           0%         N/A       98%         2
 Momentum Strike          Conj/Tloc      0%         3d8       98%         2
 Confusing Touch          Hex            0%         N/A       100%        3
 Frozen Ramparts          Ice            0%         1d1       100%        3
 Hailstorm                Conj/Ice       0%         3d5       100%        3
 Sigil of Binding         Hex            0%         N/A       100%        3
 Stone Arrow              Conj/Erth      0%         3d7       100%        3
 Vampiric Draining        Necr           0%         2d6       100%        3
 Animate Armour           Summ/Erth      0%         N/A       100%        4
 Alistair's Intoxication  Alch           0%         N/A       100%        5
 Iskenderun's Battlesphe  Conj           0%         2d6       100%        5
 Bombard                  Conj/Erth      0%         9d1       100%        6
 Spellforged Servitor     Conj/Summ      0%         N/A       100%        7
 Lehudib's Crystal Spear  Conj/Erth      0%         10d2      100%        8


Dungeon Overview and Level Annotations

Branches:
Dungeon (8/15)             Temple (0/1) D:5            Lair (0/5) D:8

Altars:
Elyvilon
Hepliaklqana
Qazlal
Ru
Yredelemnul
Zin


Innate Abilities, Weirdness & Mutations

You cannot be stealthy.
You are sensitive to extremes of temperature. (rF-, rC-)


Message History

You see here a +0 trident.
There is a stone staircase leading down here.
You climb downwards.
You hear the roar of battle.
There is an entrance to a bailey on this level.
Hurry and find it before the portal closes forever!
The walls and floor vibrate strangely for a moment.
There is a stone staircase leading up here.
Unknown command.
The deep elf pyromancer shouts!
You miss the deep elf pyromancer.
The deep elf pyromancer gestures at you while chanting.
The bolt of fire hits you!!! The fire burns you terribly!
You miss the deep elf pyromancer.
The deep elf pyromancer barely misses you.
The deep elf pyromancer casts a spell at you.
The bolt of fire misses you.
You closely miss the deep elf pyromancer.
The deep elf pyromancer hits you with a +1 long sword of freezing!
The deep elf pyromancer freezes you.
You are restored by drawing out deep reserves of power within.
You feel drained.
The deep elf pyromancer hits you but does no damage.
You slice the deep elf pyromancer!!
The deep elf pyromancer is heavily wounded.
The deep elf pyromancer points at you and mumbles some strange words.
The pyre arrow hits you.
You are covered in intense liquid fire!
You closely miss the deep elf pyromancer.
The deep elf pyromancer is heavily wounded.
The liquid fire burns you!
* * * LOW HITPOINT WARNING * * *
The deep elf pyromancer hits you with a +1 long sword of freezing!
* * * LOW HITPOINT WARNING * * *
The deep elf pyromancer freezes you.
* * * LOW HITPOINT WARNING * * *
The deep elf pyromancer completely misses you.
A red film seems to cover your vision as you go berserk!
You feel yourself moving faster!
You feel mighty! The liquid fire burns you!
You die...

#.##.###.....#.....#
.....☼#............##
##........##....#...#
##........#...##...#
#..................#
##..........#......##
#.).e[......#.#....#
.?........[.#..e..##### #####
#......)[.)<..##@.....###...#
#......<).#÷..#..##.....#...#
.....>.###[..###.........#..##
.....####.[...####....#..#...##
#.... #.......##....##.......#
..... #.......#.............##
.............P...<..#.....##.#
... ...............####.#####
........>........# ###


You could see a deep elf pyromancer.

Vanquished Creatures
  A two-headed ogre (D:7)
  Pikel (D:7)
  Grinder (D:4)
  A troll (D:7)
  A wyvern (D:7)
  Grum (D:8)
  A steam dragon (D:7)
  3 water moccasins
  3 ice beasts
  2 orc warriors (D:7)
  An ogre (D:6)
  2 black bears (D:5)
  4 wolves
  A centaur (D:6)
  A kobold brigand (D:6)
  A bullfrog (D:7)
  3 scorpions
  4 wights (D:7)
  A howler monkey (D:4)
  3 jellies
  3 bombardier beetles
  9 hounds
  4 orc priests
  Crazy Yiuf (D:6)
  2 gnoll boudas
  2 sleepcaps
  3 iguanas
  3 orc wizards
  6 adders
  12 gnolls
  A shadow imp (D:5)
  2 white imps
  2 dart slugs
  2 ribbon worms
  17 orcs
  5 endoplasms
  3 giant cockroaches
  5 goblins
  8 hobgoblins
  2 quokkas
  8 ball pythons
  7 bats
  5 frilled lizards
  8 kobolds
  4 rats
160 creatures vanquished.

Notes
Turn   | Place    | Note
-------+----------+-------------------------------------------
     0 | D:1      | sking99 the Hill Orc Fighter began the quest for the Orb.
     0 | D:1      | Reached XP level 1. HP: 19/19 MP: 1/1
    36 | D:1      | Reached skill level 3 in Axes
    43 | D:1      | Reached XP level 2. HP: 27/27 MP: 2/2
   342 | D:1      | Reached XP level 3. HP: 28/33 MP: 3/3
   779 | D:2      | Reached skill level 4 in Axes
   873 | D:2      | Reached XP level 4. HP: 40/40 MP: 4/4
   945 | D:2      | Found a sacrificial altar of Ru.
   965 | D:2      | Became a worshipper of Ru the Awakened
  2344 | D:4      | Reached XP level 5. HP: 46/47 MP: 5/5
  2349 | D:4      | Reached skill level 5 in Axes
  2377 | D:4      | Gained mutation: You are sensitive to extremes of
                  | temperature. (rF-, rC-) [Ru sacrifice]
  2377 | D:4      | Reached * piety under Ru
  2377 | D:4      | Reached ** piety under Ru
  2624 | D:4      | Reached XP level 6. HP: 53/53 MP: 6/6
  2801 | D:4      | Noticed Grinder
  2816 | D:4      | Paralysed by Grinder for 5 turns
  2826 | D:4      | Killed Grinder
  2827 | D:4      | Reached skill level 5 in Fighting
  2827 | D:4      | Reached skill level 6 in Axes
  2827 | D:4      | Reached XP level 7. HP: 25/61 MP: 7/7
  3261 | D:5      | Entered Level 5 of the Dungeon
  3299 | D:5      | Reached skill level 5 in Armour
  3305 | D:5      | Reached skill level 7 in Axes
  3351 | D:5      | Reached skill level 5 in Shields
  4113 | D:5      | Reached XP level 8. HP: 31/70 MP: 8/8
  4124 | D:5      | Reached skill level 8 in Axes
  4484 | D:5      | Found a staircase to the Ecumenical Temple.
  4762 | D:6      | Reached skill level 9 in Axes
  4850 | D:6      | Reached XP level 9. HP: 71/78 MP: 9/9
  4963 | D:6      | Gained mutation: You cannot be stealthy. [Ru sacrifice]
  4963 | D:6      | Reached *** piety under Ru
  5099 | D:6      | Reached skill level 10 in Axes
  5469 | D:6      | Found a runed translucent door.
  5470 | D:6      | Noticed Crazy Yiuf
  5732 | D:6      | Killed Crazy Yiuf
  6340 | D:7      | Found a sacrificial altar of Ru.
  6343 | D:7      | Found a white marble altar of Elyvilon.
  6344 | D:7      | Found a hazy altar of Hepliaklqana.
  6356 | D:7      | Found a glowing silver altar of Zin.
  6359 | D:7      | Found a basalt altar of Yredelemnul.
  6405 | D:7      | Noticed a troll
  6417 | D:7      | Killed a troll
  6418 | D:7      | Reached skill level 11 in Axes
  6611 | D:7      | Noticed a two-headed ogre
  6614 | D:7      | Killed a two-headed ogre
  6615 | D:7      | Reached XP level 10. HP: 61/90 MP: 10/10
  6735 | D:7      | Found a stormy altar of Qazlal.
  6906 | D:8      | Noticed Grum
  6906 | D:8      | Found a staircase to the Lair.
  6943 | D:8      | Noticed Pikel
  6950 | D:7      | Reached skill level 12 in Axes
  6959 | D:7      | Killed Pikel
  7247 | D:8      | Killed Grum
  7344 | D:8      | Noticed a deep elf pyromancer
  7703 | D:8      | HP: 2/87 [deep elf pyromancer/+1 long sword of freezing
                  | (6)]
  7704 | D:8      | Incinerated by a deep elf pyromancer

Illustrated notes

Levels and vault maps discovered:
D:1:      mrwooster_arrival_arrow, layout_loops_ring, hangedman_feature_mirror,
          kennysheep_pointless_box
D:2:      layout_loops_cross, basic_altar, minmay_fountain_box,
          dreamdust_princess_bridge, serial_park_tiny_2, nrook_campfire,
          serial_bayou_lagoon_b
D:3:      layout_basic, saegor_snake_ambush
D:4:      layout_rooms, nicolae_eternal_life, minmay_cupped, uniq_grinder
D:5:      layout_loops_ring, minmay_temple_entry_poolview,
          small_statue_intersection, nicolae_zen_rock_garden,
          minmay_misc_feat_chi, chequers_serial_rivers_micro_e,
          minmay_fractal_squares_diagonal_5
D:6:      layout_loops_corners, nicolae_concentric_dashed_squares_wild,
          minivault_25, serial_bayou_pond_a, minmay_circle_x,
          uniq_crazy_yiuf_cottage
D:7:      layout_loops_cross, minmay_overflow_temple_star_hex,
          mainiacjoe_overflow_alcove_2
D:8:      layout_cave_pools, erik_lair_orcish_takeover, enter_bailey_7,
          amethyst_killhole, uniq_grum, uniq_pikel

Skill      XL: |  1  2  3  4  5  6  7  8  9 10 |
---------------+-------------------------------+-----
Axes           | 3 4 5 6 7 9 11 12 | 12.8
Fighting       | 4 5 6 8 9 |  9.0
Armour         | 4 5 6 7 8 |  8.2
Shields        | 4 5 6 7 8 |  8.2

Action                     |  1- 3 |  4- 6 |  7- 9 | 10-12 || total
---------------------------+-------+-------+-------+-------++-------
  Melee: War axe           |    95 |   110 |   266 |    47 ||   518
 Invoke: Sacrifice Resista |       |     1 |       |       ||     1
         Sacrifice Stealth |       |       |     1 |       ||     1
         Draw Out Power    |       |       |       |     1 ||     1
    Use: Scroll            |       |       |    14 |       ||    14
         Potion            |       |       |       |     1 ||     1
   Stab: Invisible         |       |     1 |       |       ||     1
 Armour: Scale mail        |    75 |    62 |    36 |       ||   173
         Chain mail        |       |       |   147 |    51 ||   198
  Dodge: Dodged            |    44 |    39 |   197 |    36 ||   316
  Block: Buckler           |    24 |    27 |    71 |    24 ||   146
